 Dungeon Crawl Stone Soup version 0.30-a0-702-gdf48620a09 (webtiles) character file.

Game seed: 15863260833450870295

1638 rddays123 the Cleaver (level 8, -7/65 HPs)
             Began as a Minotaur Fighter on Jan 22, 2023.
             Was a Follower of Hepliaklqana.
             Killed by divine providence
             ... invoked by an orc priest
              (10 damage)
             ... on level 7 of the Dungeon.
             The game lasted 00:13:15 (5383 turns).

rddays123 the Cleaver (Minotaur Fighter)            Turns: 5383, Time: 00:13:16

Health: -7/65      AC: 13    Str: 23    XL:     8   Next: 66%
Magic:  7/7        EV:  7    Int:  5    God:    Hepliaklqana [*.....]
Gold:   496        SH:  4    Dex: 10    Spells: 7/7 levels left

rFire   . . .      SeeInvis .    a - +0 war axe
rCold   . . .      Faith    +    c - +0 buckler
rNeg    . . .      Spirit   .    p - +0 chain mail
rPois   .          Reflect  .    (helmet restricted)
rElec   .          Harm     .    K - +0 cloak
rCorr   .          Rampage  .    o - +0 pair of gloves
Will    .....                    l - +0 pair of boots Stlth
                                 t - amulet of faith
HPRegen 0.30/turn                (no ring)
MPRegen 0.10/turn                (no ring)

@: mighty, about to teleport
A: reduced essence, horns 2, retaliatory headbutt
a: Renounce Religion, Recall Ancestor, Ancestor Identity


You were on level 7 of the Dungeon.
You worshipped Hepliaklqana.
Hepliaklqana was aware of your devotion.
You visited 1 branch of the dungeon, and saw 7 of its levels.
You also visited: Sewer.

You collected 496 gold pieces.

Inventory:

Hand Weapons
 a - a +0 war axe (weapon)
 y - a +0 dagger
Armour
 b - a +0 scale mail
 c - a +0 buckler (worn)
 l - a +0 pair of boots (worn)
 o - a +0 pair of gloves (worn)
 p - a +0 chain mail (worn)
 K - a +0 cloak (worn)
Jewellery
 t - an amulet of faith (around neck)
 E - a ring of positive energy
 H - a ring of magical power
Wands
 r - a wand of quicksilver (9)
 C - a wand of charming (9)
 L - a wand of mindburst (23)
 M - a wand of roots (7)
Scrolls
 e - a scroll of immolation
 f - a scroll of noise {unknown}
 h - 3 scrolls of amnesia
 j - a scroll of enchant weapon {unknown}
 k - 2 scrolls of poison
 s - a scroll of silence
 v - 2 scrolls of teleportation
 w - 2 scrolls of fear
 x - 2 scrolls of fog
 A - 2 scrolls of vulnerability
 B - a scroll of enchant armour {unknown}
 G - a scroll of torment {unknown}
Potions
 g - 5 potions of curing
 i - a potion of resistance {unknown}
 m - 2 potions of heal wounds {unknown}
 n - a potion of cancellation {unknown}
 q - 2 potions of mutation {unknown}
 u - a potion of magic {unknown}
 z - a potion of ambrosia {unknown}
 D - 2 potions of haste {unknown}
 F - 4 potions of flight
 I - 2 potions of degeneration
 J - a potion of attraction {unknown}


   Skills:
 + Level 7.5 Fighting
 + Level 11.2 Axes
 - Level 4.0 Armour
 - Level 0.2 Dodging
 - Level 0.2 Stealth
 - Level 4.2 Shields


You had 7 spell levels left.
You didn't know any spells.
Your spell library contained the following spells:

 Spells                   Type           Power      Damage    Failure   Level
 Ignite Poison            Fire/Tmut/Pois 0%         N/A       100%        3
 Sticky Flame             Conj/Fire      0%         2d3       100%        4
 Ignition                 Fire           0%         3d3       100%        8


Dungeon Overview and Level Annotations

Branches:
Dungeon (7/15)             Temple (0/1) D:6           Sewer (visited)

Altars:
Ashenzari
Hepliaklqana
Makhleb
Nemelex Xobeh
Vehumet
Xom

Shops:
D:4 [

Annotations:
D:3 2 transporters, Squirrel's ghost, amateur MiFi


Innate Abilities, Weirdness & Mutations

Your life essence is reduced to manifest your ancestor. (-10% HP)
You have a pair of horns on your head.
You reflexively headbutt those who attack you in melee.


Message History

The centaur is almost dead.
A centaur comes into view. It is wielding a +0 shortbow.
The centaur hits you but does no damage.
The centaur barely misses you. x2; You block the centaur's attack.
Vusi closely misses the centaur.
An orc comes into view. It is wielding a +0 hand axe.
You hit the centaur.
You kill the centaur!
The centaur shoots an arrow.
The arrow hits Vusi.
The centaur shoots an arrow.
The arrow barely misses you.
An orc comes into view. It is wielding a +0 war axe.
The centaur shoots an arrow.
You block the arrow.
Things that are here:
a +0 shortbow; a centaur corpse An orc priest comes into view.
It is wielding a +0 club.
The centaur shoots an arrow.
The arrow hits Vusi.
Vusi is destroyed!
The centaur shoots an arrow.
The arrow hits you but does no damage.
The centaur shoots an arrow.
The arrow hits you.
The centaur shoots an arrow.
You block the arrow.
The centaur shoots an arrow.
The arrow hits you!
The orc wizard gestures wildly while chanting.
The orc wizard flickers and vanishes!
Deactivating autopickup; reactivate with Ctrl-A.
The centaur shoots an arrow.
The arrow hits you.
The centaur shoots an arrow.
The arrow hits you.
The centaur shoots an arrow.
The arrow hits you but does no damage.
The orc priest calls down the wrath of Beogh upon you.
Beogh smites you!
* * * LOW HITPOINT WARNING * * *
You feel better.
You feel very mighty all of a sudden.
The orc priest mumbles some strange prayers to Beogh against you.
Beogh smites you!
* * * LOW HITPOINT WARNING * * *
As you read the scroll of teleportation, it crumbles to dust.
You feel strangely unstable. The orc hits you but does no damage.
The orc priest invokes the aid of Beogh against you.
Beogh smites you!
You die...

#############
##.....#.....##
##.............##
#...............#
#...............#
###...............#
..................#
..................# #######
...............o@## .......
................## .......
.........#.#...o#####.......
#####..#.#.###..............
##[#.#.# #..............
######[#...# #......).......
.....†[)# #.o............
.....[.(# #..............
...........# #..o...c...)...


You could see an orc priest and 2 orcs.

Vanquished Creatures
  2 black bears
  2 ice beasts (D:6)
  A centaur (D:7)
  A kobold brigand (D:7)
  3 scorpions (D:5)
  2 necrophages (D:6)
  2 jellies
  5 orc priests
  2 hounds (D:5)
  2 iguanas
  2 orc wizards (D:7)
  A sickly merfolk siren (Sewer)
  A malarious merfolk avatar (Sewer)
  13 adders
  4 gnolls (D:2)
  3 river rats
  2 white imps
  4 worms
  6 dart slugs
  8 orcs
  2 endoplasms
  5 giant cockroaches
  3 goblins
  8 hobgoblins
  3 jackals (D:2)
  4 quokkas
  12 ball pythons
  3 bats
  9 frilled lizards
  8 kobolds
  28 rats
151 creatures vanquished.

Vanquished Creatures (collateral kills)
  A scorpion (D:6)
  An iguana (D:6)
  2 kobolds (D:7)
4 creatures vanquished.

Vanquished Creatures (others)
  An ancestor (D:7)
1 creature vanquished.

Grand Total: 156 creatures vanquished

Notes
Turn   | Place    | Note
-------+----------+-------------------------------------------
     0 | D:1      | rddays123 the Minotaur Fighter began the quest for the Orb.
     0 | D:1      | Reached XP level 1. HP: 19/19 MP: 0/0
    72 | D:1      | Reached XP level 2. HP: 27/27 MP: 1/1
    95 | D:1      | Found a faded altar of an unknown god.
   801 | D:2      | Reached XP level 3. HP: 30/33 MP: 2/2
   846 | D:2      | Reached skill level 3 in Axes
  1003 | D:2      | Reached XP level 4. HP: 36/41 MP: 3/3
  1008 | D:2      | Reached skill level 4 in Axes
  1651 | D:3      | Found a transporter.
  1661 | D:3      | Noticed Squirrel's ghost (amateur MiFi)
  1677 | D:3      | Found a transporter.
  1696 | D:3      | Reached XP level 5. HP: 20/47 MP: 4/4
  1875 | D:3      | Reached skill level 5 in Axes
  2139 | D:3      | Found a burning altar of Makhleb.
  2463 | D:4      | Found Neil's Antique Armour Boutique.
  2588 | D:4      | Reached skill level 5 in Fighting
  2963 | D:4      | Found a radiant altar of Vehumet.
  3060 | D:4      | Reached skill level 6 in Axes
  3060 | D:4      | Reached XP level 6. HP: 56/56 MP: 5/5
  3158 | D:4      | Found a hazy altar of Hepliaklqana.
  3159 | D:4      | Found a shimmering altar of Xom.
  3160 | D:4      | Noticed a spectral ugly thing
  3160 | D:4      | Noticed a yak
  3166 | D:4      | Became a worshipper of Hepliaklqana the Forgotten
  3357 | D:5      | Entered Level 5 of the Dungeon
  3617 | D:5      | Reached skill level 7 in Axes
  3724 | D:5      | Found a broken altar of Ashenzari.
  3734 | D:5      | Reached XP level 7. HP: 61/63 MP: 6/6
  3867 | D:5      | Found a sparkling altar of Nemelex Xobeh.
  4066 | D:5      | Reached skill level 8 in Axes
  4273 | D:6      | Found a glowing drain.
  4283 | Sewer    | Entered a sewer
  4369 | Sewer    | Reached skill level 9 in Axes
  4688 | D:6      | Reached * piety under Hepliaklqana
  4732 | D:6      | Reached XP level 8. HP: 63/63 MP: 7/7
  4779 | D:6      | Found a staircase to the Ecumenical Temple.
  4799 | D:6      | Reached skill level 10 in Axes
  5254 | D:7      | Reached skill level 11 in Axes
  5382 | D:7      | HP: 3/65 [orc priest/divine providence (13)]
  5383 | D:7      | Killed from afar by an orc priest

Illustrated notes

Levels and vault maps discovered:
D:1:      minmay_arrival_five_plusses, layout_basic,
          hellmonk_ecumenical_altar_arch_garden, roderic_roman_lattice,
          minmay_misc_feat_iff, columned_hall_lemuel,
          chequers_serial_rivers_micro_b
D:2:      layout_basic
D:3:      layout_rooms, lemuel_doored_altar, gammafunk_ghost_stat_death
D:4:      layout_layer_cave, regret_index_temple_of_mockery,
          kennysheep_mini_moat, serial_shops, nicolae_shop_trees
D:5:      layout_loops_ring, minitemple
D:6:      layout_cave_pools, minmay_temple_entry_slanted,
          lightli_sewer_entry_pipes
D:7:      layout_rooms, nicolae_overflow_crystal_walls

Skill      XL: |  1  2  3  4  5  6  7  8 |
---------------+-------------------------+-----
Shields        | 4 |  4.2
Armour         | 4 |  4.0
Fighting       | 4 5 6 7 |  7.5
Axes           | 3 4 6 7 9 11 | 11.2
Dodging        | |  0.2
Stealth        | |  0.2

Action                   |  1- 3 |  4- 6 |  7- 9 || total
-------------------------+-------+-------+-------++-------
Melee: War axe           |    63 |   124 |   182 ||   369
       Headbutt          |     8 |    15 |    33 ||    56
  Use: Scroll            |       |     2 |     8 ||    10
       Potion            |       |       |     2 ||     2
Armor: Scale mail        |    19 |     4 |       ||    23
       Chain mail        |       |    74 |    99 ||   173
Dodge: Dodged            |    36 |    55 |    64 ||   155
Block: Buckler           |    17 |    29 |    34 ||    80

Table legend: (Time is in decaauts)
 A = Elapsed time spent in this place.
 B = Non-inter-level travel time spent in this place.
 C = Inter-level travel time spent in this place.
 D = Time resting spent in this place.
 E = Time spent auto-exploring this place.
 F = Levels seen in this place.
 G = Mean time per level.
                   A        B        C        D        E       F      G
               +--------+--------+--------+--------+--------+-----+--------+
         Total |   5529 |   5320 |    209 |    678 |   3354 |   8 |  691.1 |
       Dungeon |   5216 |   5007 |    209 |    678 |   3290 |   7 |  745.1 |
         Sewer |    313 |    313 |      0 |      0 |     63 |   1 |  313.0 |
               +--------+--------+--------+--------+--------+-----+--------+

Top non-repeatable levels by time:
     D:4: 1069 daAuts
     D:2: 1014 daAuts
     D:5: 836 daAuts
     D:6: 795 daAuts
     D:1: 676 daAuts
     D:3: 656 daAuts
   Sewer: 313 daAuts
     D:7: 167 daAuts
